 Dungeon Crawl Stone Soup version 0.24-a0-350-g5b3daab (webtiles) character file.

Game seed: 5386444254091844808

12165 AlmondAAA the Basher (level 12, -4/96 HPs)
             Began as a Formicid Fighter on May 24, 2019.
             Was an Elder of Zin.
             Slain by a minotaur
             ... wielding an uncursed staff of summoning
              (16 damage)
             ... in a Gauntlet.
             The game lasted 00:31:12 (13423 turns).

AlmondAAA the Basher (Formicid Fighter)            Turns: 13423, Time: 00:31:12

Health: -4/96      AC: 21    Str: 29    XL:     12   Next: 16%
Magic:  18/18      EV: 13    Int: 10    God:    Zin [****..]
Gold:   652        SH: 12    Dex: 15    Spells: 10/11 levels left

rFire    . . .     SeeInvis +   x - +0 flail (crush)
rCold    . . .     Gourm    +   c - +0 shield
rNeg     . . .     Faith    .   g - +0 plate armour
rPois    .         Spirit   .   (helmet unavailable)
rElec    .         Reflect  .   a - +1 cloak
rCorr    .         Harm     .   D - +2 pair of gloves
MR       ++...                  u - +0 pair of boots
Stlth    ..........             j - amulet of the gourmand
HPRegen  0.26/turn              B - ring of stealth
MPRegen  0.16/turn              p - ring of protection from magic

@: mighty, agile
A: permanent stasis, dig shafts and tunnels, four strong arms, antennae 3
a: Dig, Shaft Self, Recite, Vitalisation, Imprison, Donate Gold, Renounce
Religion


You were in a Gauntlet.
You worshipped Zin.
Zin was greatly pleased with you.
You were full.

You visited 2 branches of the dungeon, and saw 13 of its levels.
You also visited: Gauntlet.

You collected 724 gold pieces.
You donated 72 gold pieces to Zin.

Inventory:

Hand Weapons
 x - a +0 flail of crushing (weapon)
Missiles
 i - 388 stones
 q - 41 poisoned darts (quivered)
Armour
 a - a +1 cloak (worn)
 b - a +0 scale mail
 c - a +0 shield (worn)
 g - a +0 plate armour (worn)
 u - a +0 pair of boots (worn)
 D - a +2 pair of gloves (worn)
Magical Staves
 y - an uncursed staff of summoning {unknown}
Jewellery
 j - an amulet of the gourmand (around neck)
 p - a ring of protection from magic (right hand)
 r - an uncursed ring of wizardry
 B - a ring of stealth (left hand)
Wands
 s - a wand of disintegration (14)
 M - a wand of digging (2)
Scrolls
 e - 8 scrolls of remove curse
 n - 5 scrolls of amnesia
 z - 2 scrolls of magic mapping
 C - a scroll of fog
 F - 2 scrolls of vulnerability
 H - 2 scrolls of enchant weapon {unknown}
Potions
 d - a potion of might
 k - 3 potions of degeneration
 l - a potion of flight
 m - 3 potions of lignification
 t - a potion of heal wounds
 v - a potion of magic
 A - 2 potions of curing
 J - 2 potions of mutation
Comestibles
 f - 10 rations


   Skills:
 + Level 9.5 Fighting
 + Level 11.1 Maces & Flails
 + Level 9.3 Armour
 - Level 0.1 Dodging
 - Level 9.0 Shields
 + Level 8.3 Invocations
 - Level 2.1 Evocations


You had 10 spell levels left.
You knew the following spells:

 Your Spells              Type           Power        Failure   Level  Hunger
a - Summon Butterflies    Summ           #.......     96%         1    ##.....

Your spell library contained the following spells:

 Spells                   Type           Power        Failure   Level  Hunger
 Corona                   Hex            #......      96%         1    ##.....
 Summon Small Mammal      Summ           #...         96%         1    ##.....
 Call Imp                 Summ           #.......     99%         2    ###....
 Call Canine Familiar     Summ           #.......     100%        3    ####...
 Ignite Poison            Fire/Tmut/Pois #.......     100%        3    ####...
 Portal Projectile        Hex/Tloc       #.....       100%        3    ####...
 Recall                   Summ/Tloc      N/A          100%        3    ####...
 Vampiric Draining        Necr           #.........   100%        3    ####...
 Leda's Liquefaction      Hex/Erth       #.........   100%        4    #####..
 Summon Ice Beast         Ice/Summ       #.......     100%        4    #####..
 Aura of Abjuration       Summ           #.........   100%        5    ######.
 Summon Mana Viper        Hex/Summ       #.......     100%        5    ######.
 Discord                  Hex            #.........   100%        8    #######


Dungeon Overview and Level Annotations

Branches:
Dungeon (12/15)            Temple (1/1) D:6            Lair (0/6) D:11
    Orc (0/2) D:12

Altars:
Ashenzari
Cheibriados
Dithmenos
Elyvilon
Fedhas
Gozag
Hepliaklqana
Kikubaaqudgha
Makhleb
Nemelex Xobeh
Okawaru
Qazlal
Ru
Sif Muna
Trog
Uskayaw
Vehumet
Wu Jian
Xom
Yredelemnul
Zin
The Shining One

Annotations:
D:4 exclusion: oklob plant
D:6 2 transporters Gauntlet 6 transporters


Innate Abilities, Weirdness & Mutations

You cannot be hasted, slowed, berserked, paralysed or teleported.
You can dig through walls and to a lower floor.
Your four strong arms can wield two-handed weapons with a shield.
You have a pair of large antennae on your head. (SInv)


Message History

Your magical effects are unravelling.
You feel magically purged.
Your magical contamination has completely faded away.
You flicker back into view.
You feel agile all of a sudden.
You feel very mighty all of a sudden.
The minotaur throws a silver javelin.
The silver javelin pierces through you but does no damage.
You feel much better.
The minotaur throws a silver javelin.
The silver javelin pierces through you!!
* * * LOW HITPOINT WARNING * * *
The minotaur hits you but does no damage.
The minotaur gores you.
* * * LOW HITPOINT WARNING * * *
Unknown command.
You closely miss the minotaur.
The minotaur furiously retaliates!
The minotaur headbutts you, but does no damage.
The minotaur is heavily wounded.
The minotaur hits you with an uncursed staff of summoning!
You die...

.......≈# ........###
######..#8# ≈....#..###
≈≈.≈≈#..# ..≈..#..#####
§≈.≈$#..#§8≈#
h≈..©#..#...#######
≈§...#..#.8.##.(@(#
§.≈.≈#..#...##.##H#
.§§≈.#..#.8....##.#
§...h#..#...##(##.#
######..#...##....# #
.......≈#.©.##.##(#.#
.......∩#......##.'...∩≈#
.......≈#.©.##.##.#.#.≈≈#
######..#...##....#.# ≈#


You could see a minotaur.

Vanquished Creatures
  A hell beast (Gauntlet)
  A hydra (D:11)
  3 elephants (Gauntlet)
  A torpor snail (Gauntlet)
  A merfolk (D:9)
  5 hippogriffs
  A dream sheep (shapeshifter) (Gauntlet)
  A wraith (D:10)
  A wyvern (D:10)
  5 yaks (D:10)
  Grum (D:11)
  2 hungry ghosts
  2 wargs (D:11)
  Edmund (D:4)
  5 orc warriors
  A sky beast (D:6)
  2 black bears
  2 ice beasts
  2 phantoms
  A necrophage (D:7)
  6 ogres
  13 centaurs
  4 wolves (D:11)
  3 bullfrogs
  A wyvern skeleton (D:11)
  A water moccasin zombie (D:7)
  5 scorpions
  A wyvern zombie (D:9)
  6 killer bees
  6 howler monkeys
  3 wights (D:8)
  6 crimson imps
  A centaur zombie (D:6)
  9 hounds
  A quasit (D:10)
  2 bullfrog zombies
  A centaur skeleton (D:5)
  3 jellies
  A gnoll shaman (D:6)
  10 orc priests
  3 bullfrog skeletons
  Jessica (D:2)
  4 iguanas
  Ijyb (D:3)
  Natasha (thrice) (D:2)
  8 orc wizards
  11 worker ants
  A hound skeleton (D:5)
  16 gnolls
  15 adders
  4 shadow imps
  An ooze (D:4)
  An adder skeleton (D:6)
  5 worms
  2 dart slugs (D:1)
  8 leopard geckos
  37 orcs
  8 giant cockroaches
  6 goblins
  4 hobgoblins
  9 jackals
  2 quokkas
  7 bats
  4 frilled lizards
  2 jackal skeletons
  9 kobolds
  3 quokka skeletons
  8 rats
  A fungus (D:4)
306 creatures vanquished.

Notes
Turn   | Place    | Note
-------+----------+-------------------------------------------
     0 | D:1      | AlmondAAA the Formicid Fighter began the quest for the Orb.
     0 | D:1      | Reached XP level 1. HP: 18/18 MP: 1/1
   318 | D:1      | Reached XP level 2. HP: 10/24 MP: 2/2
   567 | D:1      | Reached XP level 3. HP: 29/29 MP: 3/3
  1169 | D:2      | Noticed Natasha
  1183 | D:2      | Killed Natasha
  1183 | D:2      | Reached XP level 4. HP: 36/37 MP: 4/4
  1244 | D:2      | Reached skill level 3 in Maces & Flails
  1256 | D:2      | Noticed Natasha
  1272 | D:2      | Killed Natasha
  1272 | D:2      | Reached XP level 5. HP: 14/42 MP: 5/5
  1576 | D:2      | Noticed Natasha
  1604 | D:2      | Killed Natasha
  1604 | D:2      | Reached skill level 4 in Maces & Flails
  1979 | D:2      | Noticed Jessica
  2008 | D:2      | Reached XP level 6. HP: 28/48 MP: 6/6
  2010 | D:2      | Killed Jessica
  2018 | D:2      | Reached skill level 5 in Maces & Flails
  3166 | D:3      | Noticed Ijyb
  3185 | D:3      | Killed Ijyb
  3406 | D:4      | Noticed an ogre
  3426 | D:3      | Killed an ogre
  3426 | D:3      | Reached skill level 1 in Evocations
  3426 | D:3      | Reached XP level 7. HP: 34/54 MP: 6/8
  3640 | D:4      | Noticed Edmund
  3660 | D:4      | Killed Edmund
  3660 | D:4      | Reached skill level 6 in Maces & Flails
  3795 | D:4      | Reached skill level 7 in Maces & Flails
  3850 | D:4      | Found a blossoming altar of Fedhas.
  3896 | D:4      | Noticed an oklob plant
  4446 | D:5      | Entered Level 5 of the Dungeon
  4478 | D:5      | Reached XP level 8. HP: 60/60 MP: 9/9
  4493 | D:5      | Reached skill level 8 in Maces & Flails
  4985 | D:5      | Reached skill level 5 in Shields
  5375 | D:4      | Reached skill level 5 in Fighting
  5375 | D:4      | Reached XP level 9. HP: 35/68 MP: 10/10
  5721 | D:5      | Found a snail-covered altar of Cheibriados.
  6013 | D:6      | Reached skill level 5 in Armour
  6100 | D:6      | Found a staircase to the Ecumenical Temple.
  6131 | Temple   | Entered the Ecumenical Temple
  6213 | Temple   | Became a worshipper of Zin the Law-Giver
  6213 | Temple   | Reached * piety under Zin
  6561 | D:6      | Reached skill level 1 in Invocations
  6591 | D:6      | Reached skill level 9 in Maces & Flails
  6650 | D:6      | Found a transporter.
  6670 | D:6      | Found a transporter.
  7433 | D:7      | Reached XP level 10. HP: 46/77 MP: 12/12
  8245 | D:8      | Reached ** piety under Zin
  8809 | D:9      | Reached *** piety under Zin
  8834 | D:9      | Reached skill level 5 in Invocations
  9173 | D:9      | Reached skill level 10 in Maces & Flails
  9394 | D:9      | Reached **** piety under Zin
  9661 | D:10     | Entered Level 10 of the Dungeon
  9692 | D:10     | Reached XP level 11. HP: 65/85 MP: 15/15
 10950 | D:11     | Found a staircase to the Lair.
 11463 | D:11     | Noticed a seven-headed hydra
 11473 | D:11     | Killed a seven-headed hydra
 11721 | D:11     | Found a shadowy altar of Dithmenos.
 12164 | D:11     | Noticed Grum
 12251 | D:11     | Killed Grum
 12395 | D:12     | Found a gate leading to a gauntlet.
 12402 | Gauntlet | Entered a Gauntlet
 12402 | Gauntlet | Found a transporter.
 12402 | Gauntlet | Found a transporter.
 12402 | Gauntlet | Found a transporter.
 12402 | Gauntlet | Noticed a moth of wrath
 12403 | Gauntlet | Found a transporter.
 12406 | Gauntlet | Found a transporter.
 12407 | Gauntlet | Found a transporter.
 12477 | Gauntlet | Noticed an elephant
 12478 | Gauntlet | Noticed an elephant
 12478 | Gauntlet | Noticed an elephant
 12479 | Gauntlet | Found a transporter.
 12479 | Gauntlet | Noticed an elephant
 12479 | Gauntlet | Noticed an elephant
 12480 | Gauntlet | Noticed a necromancer
 12483 | Gauntlet | Found a transporter.
 12496 | Gauntlet | Noticed a hell beast
 12497 | Gauntlet | Found a transporter.
 12588 | Gauntlet | Found a transporter.
 12607 | Gauntlet | Found a transporter.
 12610 | Gauntlet | Found a transporter.
 12709 | Gauntlet | Identified the Almanac of the Supportive Oath
 12713 | Gauntlet | Learned a level 1 spell: Summon Butterflies
 12725 | Gauntlet | Identified Zoudetao's Grimoire of Dark Rites and Companions
 12745 | Gauntlet | Killed an elephant
 12758 | Gauntlet | Killed an elephant
 12758 | Gauntlet | Reached skill level 11 in Maces & Flails
 12758 | Gauntlet | Reached XP level 12. HP: 81/95 MP: 17/17
 13083 | Gauntlet | Identified the Volume of Scorching Malediction
 13103 | Gauntlet | Killed a hell beast
 13140 | Gauntlet | Identified the ring "Bettoi Beodi" {rCorr Str+3 Dex+3}
 13140 | Gauntlet | Noticed a minotaur
 13423 | Gauntlet | Slain by a minotaur

Levels and vault maps discovered:
D:1:      psy_arrival_radial02, layout_loops_ring, kennysheep_crisscross
D:2:      layout_rooms, first_ration, minmay_quantized, uniq_natasha,
          uniq_jessica
D:3:      layout_basic, hangedman_abyss_or_decor_lesser_grid, chequers_garden,
          uniq_ijyb
D:4:      layout_loops_cross, tgw_fedhas, uniq_edmund
D:5:      layout_basic, slow_altar_1, minmay_divided_ellipse
D:6:      gammafunk_steamed_eel, layout_basic, minmay_temple_entry_stoned_glass,
          lemuel_flame_loot_1
D:7:      layout_basic
D:8:      layout_rooms
D:9:      layout_basic, hangedman_fish_farm
D:10:     layout_rooms
D:11:     layout_small_grid, erik_lair_orcish_takeover,
          nicolae_dithmenos_through_a_glass_darkly, uniq_grum
D:12:     lemuel_castle_with_subvaults [lemuel_castle_interior_carwin_2],
          layout_stronghold, minmay_orc_entry_guard_dogs, serial_shops,
          nicolae_shop_crystal, gauntlet_entry_generic
Temple:   nicolae_temple_the_god_donut
Gauntlet: gammafunk_gauntlet_hard_choice [gammafunk_gauntlet_arena_crates,
          gammafunk_gauntlet_arena_open, gammafunk_gauntlet_arena_corners,
          gammafunk_gauntlet_arena_chambers,
          nicolae_gauntlet_arena_flowing_pool, nicolae_gauntlet_arena_x,
          gauntlet_exit_watery]

Skill      XL: |  1  2  3  4  5  6  7  8  9 10 11 12 |
---------------+-------------------------------------+-----
Shields        | 4 5 7 8 9 |  9.0
Maces & Flails | 3 4 5 7 8 9 10 11 | 11.1
Fighting       | 4 5 6 7 9 |  9.5
Evocations     | 1 2 |  2.1
Armour         | 4 6 7 9 |  9.3
Invocations    | 3 5 7 8 |  8.3
Dodging        | |  0.1

Action                   |  1- 3 |  4- 6 |  7- 9 | 10-12 || total
-------------------------+-------+-------+-------+-------++-------
Melee: Flail             |    95 |   267 |   448 |   743 ||  1553
Throw: Stone             |     1 |       |       |       ||     1
       Dart              |       |     6 |       |       ||     6
Invok: Recite            |       |       |     2 |    13 ||    15
       Vitalisation      |       |       |       |     1 ||     1
 Abil: Dig               |       |     1 |     6 |    11 ||    18
Evoke: Wand              |       |     3 |     1 |    11 ||    15
  Use: Scroll            |       |     5 |     5 |     8 ||    18
       Potion            |       |       |       |    13 ||    13
 Stab: Confused          |       |       |     2 |       ||     2
       Invisible         |       |       |       |     4 ||     4
  Eat: Chunk             |       |     9 |    10 |    25 ||    44
       Ration            |       |       |     1 |     4 ||     5
Armor: Plate armour      |    62 |   168 |   167 |   419 ||   816
Dodge: Dodged            |    12 |    44 |    57 |   201 ||   314
Block: Shield            |    43 |   174 |   191 |   442 ||   850

Table legend:
 A = Non-vault XP
 B = Vault XP
 C = Vault XP percentage of total XP
 D = Non-vault monster count
 E = Vault monster count
 F = Vault count percentage of total count
                 A         B        C        D         E       F
            +---------+---------+-------+---------+---------+-------
      Total |   12078 |    5301 |  30.5 |     267 |      38 |  12.5
            +---------+---------+-------+---------+---------+-------
        D:1 |      49 |       0 |   0.0 |      20 |       0 |   0.0
        D:2 |     204 |      83 |  28.9 |      33 |       6 |  15.4
        D:3 |     243 |      36 |  12.9 |      17 |       1 |   5.6
        D:4 |     167 |     310 |  65.0 |      14 |       2 |  12.5
        D:5 |     782 |     230 |  22.7 |      19 |       8 |  29.6
        D:6 |    1175 |       0 |   0.0 |      32 |       0 |   0.0
        D:7 |    1142 |       0 |   0.0 |      32 |       0 |   0.0
        D:8 |    1014 |       0 |   0.0 |      24 |       0 |   0.0
        D:9 |    1900 |     301 |  13.7 |      27 |       1 |   3.6
       D:10 |    2353 |       0 |   0.0 |      21 |       0 |   0.0
       D:11 |    3049 |    1251 |  29.1 |      28 |      14 |  33.3
   Gauntlet |       0 |    3090 | 100.0 |       0 |       6 | 100.0
            +---------+---------+-------+---------+---------+-------
